[Event "CZE-tht Extraliga 2018-19"]
[Site "Czech Republic"]
[Date "2019.04.20"]
[Round "10.6"]
[White "Mrazek, Lumir"]
[Black "Obsivac, Josef"]
[Result "1/2-1/2"]
[ECO "A03"]
[WhiteElo "2364"]
[BlackElo "2285"]
[Annotator "NA"]
[PlyCount "111"]
[EventDate "2018.11.03"]
[EventType "team-tourn"]
[EventCountry "CZE"]
[SourceTitle "playchess.com"]
[Source "ChessBase"]
[SourceQuality "1"]
[WhiteTeam "Cesky Tesin"]
[BlackTeam "Brno"]
[TimeControl "40/5400+30:1800+30"]

1. f4 d5 2. Nf3 g6 3. g3 Bg7 4. Bg2 c5 5. O-O Nc6 6. d3 Nf6 7. Qe1 b6 8. c4 Bb7 9. Na3 e6 10. e4 dxe4 11. dxe4 O-O 12. e5 Ne8 13. Bd2 Qe7 14. Bc3 Nb4 15. Qe2 Nc7 16. Ng5 Bxg2 17. Qxg2 Rfd8 18. Qh3 h6 19. Ne4 Ne8 20. Nb5 Nc2 21. Rac1 Ne3 22. Rfe1 Nxc4 23. Qf1 a6 24. Qxc4 axb5 25. Qxb5 Qa7 26. a3 Rd5 27. Rcd1 Rad8 28. Rxd5 exd5 29. Nd6 Nxd6 30. exd6 Rxd6 31. Re8+ Bf8 32. Be5 Qd7 33. Qxd7 Rxd7 34. Bf6 d4 35. Kf2 d3 36. Ke1 Rd6 37. Be5 Re6 38. Rxe6 fxe6 39. a4 c4 40. Kd2 Kf7 41. b3 Bb4+ 42. Bc3 cxb3 43. Kxd3 Bc5 44. g4 Ke8 45. h3 Kd7 46. Bg7 h5 47. gxh5 gxh5 48. Kc3 Bd6 49. Bd4 Kc6 50. Be3 Bc5 51. Bc1 Kd5 52. Kxb3 Kd4 53. Bb2+ Ke4 54. Be5 Be3 55. Bc7 Kd5 56. Kb4 1/2-1/2

[Event "CZE-tht Extraliga 2018-19"]
[Site "Czech Republic"]
[Date "2019.04.20"]
[Round "10.6"]
[White "Petrova, Kristyna"]
[Black "Rasik, Vitezslav"]
[Result "1/2-1/2"]
[ECO "B09"]
[WhiteElo "2256"]
[BlackElo "2468"]
[Annotator "ChessBase"]
[PlyCount "115"]
[EventDate "2018.11.03"]
[EventType "team-tourn"]
[EventCountry "CZE"]
[SourceTitle "playchess.com"]
[Source "ChessBase"]
[SourceQuality "1"]
[WhiteTeam "Siesta B"]
[BlackTeam "Ostrava"]
[TimeControl "40/5400+30:1800+30"]

1. e4 d6 2. d4 g6 3. Nc3 Bg7 4. f4 Nf6 5. Nf3 O-O 6. Bd3 Nc6 7. Be3 Ng4 8. Bg1 e5 9. d5 Ne7 10. h3 Nf6 11. fxe5 dxe5 12. Bh2 Nexd5 13. exd5 e4 14. O-O exd3 15. Qxd3 Bf5 16. Qc4 c6 17. dxc6 Qb6+ 18. Kh1 Qxc6 19. Qxc6 bxc6 20. Nd4 Bd7 21. Rad1 Rfe8 22. Nb3 Be6 23. Nc5 Bf5 24. g4 Bxc2 25. Rc1 Be4+ 26. N3xe4 Nxe4 27. Nxe4 Rxe4 28. Rxc6 Re2 29. Rfc1 Bxb2 30. R1c2 Rxc2 31. Rxc2 Bd4 32. Kg2 Re8 33. Bf4 Kg7 34. Kf3 Re6 35. Rc4 Bf6 36. Ra4 a6 37. Be3 h6 38. Bf4 g5 39. Be3 Kg6 40. Rc4 h5 41. Rc7 h4 42. Rb7 Bd8 43. Rb8 Rd6 44. Rb4 Rf6+ 45. Ke4 Re6+ 46. Kf3 Bc7 47. Rb7 Rc6 48. Ke4 Re6+ 49. Kf3 Bd8 50. Rb8 Rd6 51. Ke4 f6 52. Bd4 Rd7 53. Ra8 a5 54. Bc3 Re7+ 55. Kd5 Rd7+ 56. Ke4 Re7+ 57. Kd5 Rd7+ 58. Ke4 1/2-1/2

[Event "CZE-tht Extraliga 2018-19"]
[Site "Czech Republic"]
[Date "2019.04.20"]
[Round "10.7"]
[White "Zilka, Stepan"]
[Black "Pulpan, Jakub"]
[Result "1/2-1/2"]
[ECO "C67"]
[WhiteElo "2534"]
[BlackElo "2418"]
[Annotator "ChessBase"]
[PlyCount "130"]
[EventDate "2018.11.03"]
[EventType "team-tourn"]
[EventCountry "CZE"]
[SourceTitle "playchess.com"]
[Source "ChessBase"]
[SourceQuality "1"]
[WhiteTeam "Novoborsky"]
[BlackTeam "Pardubice"]
[TimeControl "40/5400+30:1800+30"]

1. e4 e5 2. Nf3 Nc6 3. Bb5 Nf6 4. O-O Nxe4 5. Re1 Nd6 6. Nxe5 Be7 7. Bf1 Nxe5 8. Rxe5 O-O 9. d4 Bf6 10. Re1 Re8 11. Rxe8+ Nxe8 12. c3 d5 13. Bf4 c6 14. Nd2 g6 15. Qb3 Ng7 16. Re1 Qb6 17. a4 Ne6 18. Bd6 Bd7 19. Qa3 a5 20. Nf3 Re8 21. Ne5 Bc8 22. b4 axb4 23. Bxb4 Qc7 24. a5 h5 25. Bd6 Be7 26. Bxe7 Qxe7 27. Qxe7 Rxe7 28. Nd3 Kf8 29. Rb1 Rc7 30. Nc5 Nxc5 31. dxc5 Ke8 32. Bd3 Re7 33. h4 Rd7 34. f3 d4 35. Re1+ Kf8 36. Rc1 Rd5 37. cxd4 Rxd4 38. Be2 Ra4 39. a6 bxa6 40. Bd3 Bf5 41. Bxf5 gxf5 42. Rb1 Rc4 43. Rb6 Rxc5 44. Rxa6 Rc4 45. Kf2 Kg7 46. Ke3 Kg6 47. Kd3 Rc1 48. Ra8 Kg7 49. Rc8 Rg1 50. Rxc6 Rxg2 51. Ke3 Rh2 52. Kf4 Rxh4+ 53. Kxf5 Ra4 54. f4 Ra5+ 55. Ke4 h4 56. Kf3 h3 57. Kg3 Ra3+ 58. Kh2 Rf3 59. Ra6 f6 60. f5 Rxf5 61. Kxh3 Rg5 62. Ra2 Kf7 63. Rg2 Rxg2 64. Kxg2 Ke6 65. Kf2 f5 1/2-1/2

[Event "CZE-tht Extraliga 2018-19"]
[Site "Czech Republic"]
[Date "2019.04.20"]
[Round "10.7"]
[White "Talla, Vladimir"]
[Black "Slampa, Jan"]
[Result "0-1"]
[ECO "E83"]
[WhiteElo "2405"]
[BlackElo "2253"]
[Annotator "NA"]
[PlyCount "74"]
[EventDate "2018.11.03"]
[EventType "team-tourn"]
[EventCountry "CZE"]
[SourceTitle "playchess.com"]
[Source "ChessBase"]
[SourceQuality "1"]
[WhiteTeam "Ostrava"]
[BlackTeam "Siesta B"]
[TimeControl "40/5400+30:1800+30"]

1. d4 Nf6 2. c4 g6 3. Nc3 Bg7 4. e4 d6 5. f3 O-O 6. Be3 a6 7. Nge2 Nc6 8. Rb1 e5 9. d5 Ne7 10. g4 Ne8 11. Nc1 f5 12. Be2 Nf6 13. Nd3 Bd7 14. c5 Rb8 15. O-O Kh8 16. h3 Neg8 17. Qb3 Bh6 18. Bf2 Qc8 19. Qd1 Rf7 20. b4 Qf8 21. a4 fxg4 22. fxg4 Nh5 23. c6 bxc6 24. dxc6 Be6 25. gxh5 Bxh3 26. Bg3 Bxf1 27. Bxf1 Qg7 28. Rb2 Rbf8 29. Bh3 Rf3 30. Rg2 Qf7 31. Kh2 Qc4 32. Nxe5 dxe5 33. Bxe5+ Bg7 34. Bxg7+ Kxg7 35. Nd5 Qxe4 36. Qa1+ Nf6 37. Nxf6 R8xf6 0-1

[Event "CZE-tht Extraliga 2018-19"]
[Site "Czech Republic"]
[Date "2019.04.20"]
[Round "10.7"]
[White "Bures, Jaroslav"]
[Black "Suran, Jan"]
[Result "1-0"]
[ECO "A45"]
[WhiteElo "2384"]
[BlackElo "2401"]
[Annotator "NA"]
[PlyCount "79"]
[EventDate "2018.11.03"]
[EventType "team-tourn"]
[EventCountry "CZE"]
[SourceTitle "playchess.com"]
[Source "ChessBase"]
[SourceQuality "1"]
[WhiteTeam "Poruba"]
[BlackTeam "Lysa nad Labem"]
[TimeControl "40/5400+30:1800+30"]

1. d4 Nf6 2. Bf4 d5 3. e3 c5 4. Nd2 e6 5. c3 Nc6 6. Ngf3 Bd6 7. Bg3 O-O 8. Bd3 Qe7 9. Ne5 Nd7 10. f4 f5 11. O-O Nf6 12. Bh4 Qe8 $11 13. Rf3 Ne4 14. Rh3 Bd7 15. Nxd7 Qxd7 16. Bxe4 dxe4 17. Nxe4 cxd4 18. Nxd6 Qxd6 19. exd4 Rae8 20. Qh5 Qd7 21. Re1 h6 22. Rg3 Kh8 23. Qg6 Qf7 24. Qxf7 Rxf7 25. d5 Nd8 26. Rge3 Rd7 27. c4 b5 28. dxe6 Rd4 29. Bxd8 Rexd8 30. cxb5 Rxf4 31. e7 Re8 32. Ra3 Rb4 33. Re5 Rxb2 34. Rxa7 f4 35. a4 Kh7 36. a5 Kg6 37. a6 Kf6 38. Rc5 Rxe7 39. Rxe7 Kxe7 40. a7 1-0

[Event "CZE-tht Extraliga 2018-19"]
[Site "Czech Republic"]
[Date "2019.04.20"]
[Round "10.7"]
[White "Vymazal, Bronislav"]
[Black "Hollan, Martin"]
[Result "0-1"]
[ECO "B31"]
[WhiteElo "2367"]
[BlackElo "2387"]
[Annotator "NA"]
[PlyCount "42"]
[EventDate "2018.11.03"]
[EventType "team-tourn"]
[EventCountry "CZE"]
[SourceTitle "playchess.com"]
[Source "ChessBase"]
[SourceQuality "1"]
[WhiteTeam "Brno"]
[BlackTeam "Cesky Tesin"]
[TimeControl "40/5400+30:1800+30"]

1. e4 c5 2. Nf3 Nc6 3. Bb5 g6 4. O-O Bg7 5. c3 Nf6 6. Qa4 O-O 7. d4 cxd4 8. cxd4 d5 9. e5 Ne4 10. Bxc6 bxc6 11. Qxc6 Bg4 12. Nfd2 Rc8 13. Qa6 f6 14. Nxe4 dxe4 15. h3 Bf5 16. Bf4 fxe5 17. Bxe5 Bxe5 18. dxe5 e3 19. Nc3 Bd3 20. Qxa7 Bxf1 21. Rxf1 Rxc3 0-1

[Event "CZE-tht Extraliga 2018-19"]
[Site "Czech Republic"]
[Date "2019.04.20"]
[Round "10.7"]
[White "Chytilek, Roman"]
[Black "Szotkowski, Jakub"]
[Result "1/2-1/2"]
[ECO "D12"]
[WhiteElo "2331"]
[BlackElo "2380"]
[Annotator "NA"]
[PlyCount "46"]
[EventDate "2018.11.03"]
[EventType "team-tourn"]
[EventCountry "CZE"]
[SourceTitle "playchess.com"]
[Source "ChessBase"]
[SourceQuality "1"]
[WhiteTeam "Duras"]
[BlackTeam "Beskydska"]
[TimeControl "40/5400+30:1800+30"]

1. Nf3 d5 2. d4 Nf6 3. c4 c6 4. e3 Bf5 5. Nc3 e6 6. Nh4 Be4 7. f3 Bg6 8. Qb3 Qb6 9. Nxg6 hxg6 10. Kf2 Nbd7 11. Bd2 Be7 12. g3 O-O 13. Kg2 Rfe8 14. Qxb6 axb6 15. cxd5 exd5 16. Bd3 b5 17. Ne2 Nb6 18. b3 Bf8 19. Rhc1 Ra3 20. Rc2 Rea8 21. Rb2 Nfd7 22. Nf4 Nf6 23. h4 Bd6 1/2-1/2

[Event "CZE-tht Extraliga 2018-19"]
[Site "Czech Republic"]
[Date "2019.04.20"]
[Round "10.7"]
[White "Simek, Petr"]
[Black "Vlasak, Lukas"]
[Result "0-1"]
[ECO "E10"]
[WhiteElo "2296"]
[BlackElo "2415"]
[Annotator "NA"]
[PlyCount "66"]
[EventDate "2018.11.03"]
[EventType "team-tourn"]
[EventCountry "CZE"]
[SourceTitle "playchess.com"]
[Source "ChessBase"]
[SourceQuality "1"]
[WhiteTeam "Siesta"]
[BlackTeam "Turnov"]
[TimeControl "40/5400+30:1800+30"]

1. d4 Nf6 2. c4 e6 3. Nf3 d5 4. g3 Bb4+ 5. Bd2 Be7 6. Bg2 O-O 7. O-O c6 8. Qb3 Nbd7 9. Bf4 b6 10. Nc3 Ba6 11. cxd5 Nxd5 12. Qa4 Bb7 13. Nxd5 exd5 14. Rac1 Re8 15. Rfd1 Bf6 16. Rc2 a5 17. Qa3 Be7 18. Bd6 Bf6 19. h4 b5 20. b3 h6 21. Bh3 Nb6 22. Be5 Be7 23. Qc1 Nd7 24. Bf4 Bf6 25. Bf5 Nf8 26. Be5 a4 27. Kg2 axb3 28. axb3 Qe7 29. Rd3 Bxe5 30. Nxe5 Qb4 31. e3 g6 32. Bg4 Rxe5 33. dxe5 Qe4+ 0-1

[Event "CZE-tht Extraliga 2018-19"]
[Site "Czech Republic"]
[Date "2019.04.20"]
[Round "10.8"]
[White "Petr, Martin"]
[Black "Kriebel, Tadeas"]
[Result "1-0"]
[ECO "C36"]
[WhiteElo "2463"]
[BlackElo "2514"]
[Annotator "ChessBase"]
[PlyCount "85"]
[EventDate "2018.11.03"]
[EventType "team-tourn"]
[EventCountry "CZE"]
[SourceTitle "playchess.com"]
[Source "ChessBase"]
[SourceQuality "1"]
[WhiteTeam "Pardubice"]
[BlackTeam "Novoborsky"]
[TimeControl "40/5400+30:1800+30"]

1. e4 e5 2. f4 d5 3. exd5 exf4 4. Nf3 Nf6 5. c4 c6 6. d4 Bb4+ 7. Nc3 cxd5 8. Bxf4 O-O 9. Be2 dxc4 10. O-O Bg4 11. Bxc4 Nc6 12. Kh1 Rc8 13. Bb3 Bxf3 14. Rxf3 Qxd4 15. Qf1 Na5 16. Rd1 Qb6 17. Nd5 Nxd5 18. Bxd5 Kh8 19. a3 Be7 20. Be3 Qa6 21. Qxa6 bxa6 22. Rxf7 Rxf7 23. Bxf7 Nc6 24. Rc1 Rf8 25. Rxc6 Rxf7 26. Kg1 h6 27. Rxa6 Bg5 28. Bc5 Rd7 29. b4 Rd1+ 30. Kf2 Rd2+ 31. Kf3 Rd3+ 32. Ke4 Rd2 33. Rxa7 Rxg2 34. b5 Re2+ 35. Kd5 Rxh2 36. b6 Bf4 37. Rf7 Bg3 38. Rf3 Rh5+ 39. Kc6 Bh2 40. b7 Rg5 41. Bd6 Bxd6 42. Kxd6 Rb5 43. Rf8+ 1-0

[Event "CZE-tht Extraliga 2018-19"]
[Site "Czech Republic"]
[Date "2019.04.20"]
[Round "10.8"]
[White "Meduna, Eduard"]
[Black "Sosna, Jan"]
[Result "1/2-1/2"]
[ECO "D02"]
[WhiteElo "2380"]
[BlackElo "2335"]
[Annotator "NA"]
[PlyCount "60"]
[EventDate "2018.11.03"]
[EventType "team-tourn"]
[EventCountry "CZE"]
[SourceTitle "playchess.com"]
[Source "ChessBase"]
[SourceQuality "1"]
[WhiteTeam "Lysa nad Labem"]
[BlackTeam "Poruba"]
[TimeControl "40/5400+30:1800+30"]

1. d4 d5 2. Nf3 c6 3. c4 e6 4. Bg5 Be7 5. Bxe7 Qxe7 6. Qc2 Nf6 7. e3 Nbd7 8. Nc3 O-O 9. a3 Re8 10. Be2 dxc4 11. Bxc4 e5 12. O-O h6 13. Rae1 e4 14. Nd2 Nb6 15. Ba2 Nbd5 16. f3 Nxc3 17. bxc3 Bf5 18. fxe4 Bxe4 19. Nxe4 Qxe4 20. Qb2 c5 21. Bb1 Qc6 22. Qf2 cxd4 23. cxd4 Rad8 24. e4 Qd7 25. e5 Ng4 26. Qc2 Qxd4+ 27. Kh1 Rxe5 28. Qh7+ Kf8 29. Qh8+ Ke7 30. Qxh6 gxh6 1/2-1/2

[Event "CZE-tht Extraliga 2018-19"]
[Site "Czech Republic"]
[Date "2019.04.20"]
[Round "10.8"]
[White "Cech, Pavel"]
[Black "Kovar, Vojtech"]
[Result "1-0"]
[ECO "A45"]
[WhiteElo "2326"]
[BlackElo "2231"]
[Annotator "NA"]
[PlyCount "41"]
[EventDate "2018.11.03"]
[EventType "team-tourn"]
[EventCountry "CZE"]
[SourceTitle "playchess.com"]
[Source "ChessBase"]
[SourceQuality "1"]
[WhiteTeam "Turnov"]
[BlackTeam "Siesta"]
[TimeControl "40/5400+30:1800+30"]

1. d4 Nf6 2. Bg5 c5 3. Bxf6 gxf6 4. c3 Qb6 5. Qc2 d5 6. Nf3 Nc6 7. dxc5 Qxc5 8. Nbd2 Bd7 9. e4 dxe4 10. Nxe4 Qb6 11. Bc4 f5 12. Neg5 e6 13. Nxf7 Kxf7 14. Qxf5+ Ke8 15. Bxe6 Bxe6 16. Qxe6+ Be7 17. O-O Rd8 18. Rfe1 Rf8 19. Nd4 Qc5 20. Rad1 Rf7 21. Nxc6 1-0

[Event "CZE-tht Extraliga 2018-19"]
[Site "Czech Republic"]
[Date "2019.04.20"]
[Round "10.8"]
[White "Miturova, Magdalena"]
[Black "Pychova, Nela"]
[Result "1/2-1/2"]
[ECO "B11"]
[WhiteElo "2230"]
[BlackElo "2165"]
[Annotator "NA"]
[PlyCount "69"]
[EventDate "2018.11.03"]
[EventType "team-tourn"]
[EventCountry "CZE"]
[SourceTitle "playchess.com"]
[Source "ChessBase"]
[SourceQuality "1"]
[WhiteTeam "Cesky Tesin"]
[BlackTeam "Brno"]
[TimeControl "40/5400+30:1800+30"]

1. e4 c6 2. Nf3 d5 3. Nc3 Bg4 4. h3 Bxf3 5. Qxf3 e6 6. d4 dxe4 7. Nxe4 Qxd4 8. Bd3 Nf6 9. Be3 Qd8 10. O-O-O Nbd7 11. Qg3 Qa5 12. Nxf6+ Nxf6 13. Bc4 Nd5 14. Rd3 O-O-O 15. Rhd1 Rg8 16. Qf3 f5 17. Bg5 Re8 18. Bd2 Bb4 19. Bxd5 cxd5 20. Qf4 Bxd2+ 21. R1xd2 Re7 22. Qd6 Rge8 23. Ra3 Qb6 24. Qe5 Rc7 25. Rxd5 Qxf2 26. Rc3 Rxc3 27. Qxc3+ Kb8 28. Rd1 Qf4+ 29. Kb1 e5 30. Qc5 e4 31. Qb5 Rc8 32. Rd7 Rc7 33. Rd8+ Rc8 34. Rd7 Rc7 35. Rd8+ 1/2-1/2

[Event "CZE-tht Extraliga 2018-19"]
[Site "Czech Republic"]
[Date "2019.04.20"]
[Round "10.8"]
[White "Novosadova, Kristyna"]
[Black "Vyskocil, Neklan"]
[Result "0-1"]
[ECO "B06"]
[WhiteElo "2225"]
[BlackElo "2286"]
[Annotator "NA"]
[PlyCount "56"]
[EventDate "2018.11.03"]
[EventType "team-tourn"]
[EventCountry "CZE"]
[SourceTitle "playchess.com"]
[Source "ChessBase"]
[SourceQuality "1"]
[WhiteTeam "Beskydska"]
[BlackTeam "Duras"]
[TimeControl "40/5400+30:1800+30"]

1. e4 g6 2. d4 Bg7 3. Nf3 d6 4. c3 Nf6 5. Bd3 O-O 6. O-O Nbd7 7. h3 e5 8. d5 Nc5 9. b4 Nxd3 10. Qxd3 Nh5 11. g4 Nf4 12. Bxf4 exf4 13. Kh2 h6 14. Rg1 c6 15. Nbd2 a5 16. a3 Qc7 17. Nd4 Bd7 18. Rac1 Rfc8 19. N2f3 cxd5 20. exd5 Qc4 21. Qe4 Re8 22. Nd2 Qa2 23. Rc2 Qxa3 24. Ne6 axb4 25. cxb4 fxe6 26. Qxg6 exd5 27. Rc7 Re2 28. Rg2 Rxf2 0-1

[Event "CZE-tht Extraliga 2018-19"]
[Site "Czech Republic"]
[Date "2019.04.20"]
[Round "10.8"]
[White "Kozak, Milos"]
[Black "Koziol, Kamil"]
[Result "0-1"]
[ECO "E04"]
[WhiteElo "2174"]
[BlackElo "2280"]
[Annotator "NA"]
[PlyCount "70"]
[EventDate "2018.11.03"]
[EventType "team-tourn"]
[EventCountry "CZE"]
[SourceTitle "playchess.com"]
[Source "ChessBase"]
[SourceQuality "1"]
[WhiteTeam "Siesta B"]
[BlackTeam "Ostrava"]
[TimeControl "40/5400+30:1800+30"]

1. d4 Nf6 2. c4 e6 3. g3 d5 4. Nf3 dxc4 5. Bg2 Bb4+ 6. Bd2 a5 7. a3 Bxd2+ 8. Nbxd2 b5 9. a4 c6 10. axb5 cxb5 11. Ne5 Ra7 12. e3 Qb6 13. Qc2 Bb7 14. Bxb7 Qxb7 15. O-O a4 16. f4 Nc6 17. Rae1 O-O 18. Nxc6 Qxc6 19. e4 Rc8 20. e5 Nd5 21. Ne4 Nb4 22. Qe2 Qd5 23. Qg4 Qxd4+ 24. Kg2 Nc2 25. Nf6+ Kh8 26. Qh4 gxf6 27. Qxf6+ Kg8 28. Re2 Ne3+ 29. Rxe3 Qxe3 30. f5 Qd2+ 31. Kh3 Qd8 32. Qh6 Qf8 33. Qe3 Rac7 34. f6 c3 35. Rf4 Rc4 0-1

[Event "CZE-tht Extraliga 2018-19"]
[Site "Czech Republic"]
[Date "2019.04.21"]
[Round "11.1"]
[White "Azarov, Sergei"]
[Black "Balogh, Csaba"]
[Result "1/2-1/2"]
[ECO "C67"]
[WhiteElo "2595"]
[BlackElo "2610"]
[Annotator "ChessBase"]
[PlyCount "69"]
[EventDate "2018.11.03"]
[EventType "team-tourn"]
[EventCountry "CZE"]
[SourceTitle "playchess.com"]
[Source "ChessBase"]
[SourceQuality "1"]
[WhiteTeam "Beskydska"]
[BlackTeam "Brno"]
[TimeControl "40/5400+30:1800+30"]

1. e4 e5 2. Nf3 Nc6 3. Bb5 Nf6 4. O-O Nxe4 5. Re1 Nd6 6. Nxe5 Be7 7. Bf1 O-O 8. d4 Nf5 9. Nf3 d5 10. c3 Bd6 11. Nbd2 Re8 12. Rxe8+ Qxe8 13. Bd3 Nfe7 14. Nf1 Ng6 15. Ng3 Nce7 16. Qc2 Bg4 17. Ne5 Nxe5 18. dxe5 Bxe5 19. Bxh7+ Kh8 20. Bd3 Bd6 21. Bd2 Qd7 22. Re1 Re8 23. h3 Bxg3 24. fxg3 Bh5 25. Qb3 b6 26. g4 Bg6 27. Bxg6 Nxg6 28. Rxe8+ Qxe8 29. Qxd5 Qe2 30. Qg5 Qd3 31. Kh2 Qd6+ 32. Kh1 Qd3 33. Kh2 Qd6+ 34. Kh1 Qd3 35. Kh2 1/2-1/2

[Event "CZE-tht Extraliga 2018-19"]
[Site "Czech Republic"]
[Date "2019.04.21"]
[Round "11.1"]
[White "Molenda, Marcin"]
[Black "Sadzikowski, Daniel"]
[Result "1/2-1/2"]
[ECO "E10"]
[WhiteElo "2383"]
[BlackElo "2523"]
[Annotator "ChessBase"]
[PlyCount "28"]
[EventDate "2018.11.03"]
[EventType "team-tourn"]
[EventCountry "CZE"]
[SourceTitle "playchess.com"]
[Source "ChessBase"]
[SourceQuality "1"]
[WhiteTeam "Cesky Tesin"]
[BlackTeam "Duras"]
[TimeControl "40/5400+30:1800+30"]

1. d4 Nf6 2. c4 e6 3. Nf3 d5 4. g3 Bb4+ 5. Bd2 Be7 6. Bg2 O-O 7. O-O Nbd7 8. Qc2 c6 9. b3 Ne4 10. Bc1 a5 11. Ba3 Bxa3 12. Nxa3 Qe7 13. Nb1 a4 14. Nc3 Nxc3 1/2-1/2

[Event "CZE-tht Extraliga 2018-19"]
[Site "Czech Republic"]
[Date "2019.04.21"]
[Round "11.1"]
[White "Vavra, Pavel"]
[Black "Kempinski, Robert"]
[Result "0-1"]
[ECO "A45"]
[WhiteElo "2359"]
[BlackElo "2575"]
[Annotator "ChessBase"]
[PlyCount "40"]
[EventDate "2018.11.03"]
[EventType "team-tourn"]
[EventCountry "CZE"]
[SourceTitle "playchess.com"]
[Source "ChessBase"]
[SourceQuality "1"]
[WhiteTeam "Siesta B"]
[BlackTeam "Poruba"]
[TimeControl "40/5400+30:1800+30"]

1. d4 Nf6 2. Bg5 c5 3. d5 g6 4. Nc3 d6 5. e4 Bg7 6. Nf3 h6 7. Bf4 Qa5 8. Nd2 Nh5 9. Be3 Bxc3 10. bxc3 Qxc3 11. Be2 b6 12. Rb1 Ba6 13. Rb3 Bxe2 14. Qxe2 Qxc2 15. O-O Qxa2 16. e5 dxe5 17. Bxc5 bxc5 18. Qb5+ Nd7 19. Nc4 a6 20. Qc6 O-O 0-1